 Dungeon Crawl Stone Soup version 0.27-a0-808-g60bc5d92e6 (webtiles) character file.

Game seed: 9114468858424434015

5749 Lobster4 the Archer (level 11, -10/84 HPs)
             Began as a Human Hunter on Mar 28, 2021.
             Was a Priest of Okawaru.
             Mangled by a death yak (23 damage)
             ... on level 8 of the Dungeon.
             The game lasted 00:52:53 (12092 turns).

Lobster4 the Archer (Human Hunter)                 Turns: 12092, Time: 00:52:54

Health: -10/84     AC: 13    Str: 13    XL:     11   Next: 5%
Magic:  17/17      EV: 11    Int: 14    God:    Okawaru [***...]
Gold:   387        SH:  0    Dex: 16    Spells: 17/18 levels left

rFire    . . .     SeeInvis .   a - +3 shortbow
rCold    + . .     Faith    .   (shield currently unavailable)
rNeg     . . .     Spirit   .   O - +0 swamp dragon scales
rPois    +         Reflect  .   q - +0 helmet
rElec    +         Harm     .   I - +1 cloak
rCorr    +         Rampage  .   (no gloves)
Will     .....                  D - +1 pair of boots
Stlth    +.........             (no amulet)
HPRegen  0.24/turn              i - ring of Virch {rElec rC+ rCorr Int+2}
MPRegen  0.15/turn              d - ring of wizardry

@: no status effects
A: no striking features
a: Renounce Religion, Heroism


You were on level 8 of the Dungeon.
You worshipped Okawaru.
Okawaru was most pleased with you.
You visited 2 branches of the dungeon, and saw 10 of its levels.

You collected 387 gold pieces.

Inventory:

Hand Weapons
 a - a +3 shortbow (weapon)
 b - the +6 flail of Wrath {flame, Str+4}
   (You found it on level 6 of the Dungeon)

   It has been specially enchanted to burn those struck by it, causing extra
   injury to most foes and up to half again as much damage against particularly
   susceptible opponents.
   It affects your strength (+4).
 c - a +2 demon trident of venom
 k - a +2 vorpal long sword
 r - a +0 war axe of venom
 u - a +0 hunting sling
 v - a +0 short sword of venom
 G - a +0 rapier
 R - a +4 flail of protection
Missiles
 f - 7 datura-tipped darts
 j - 288 stones
 B - 14 javelins
 C - 5 poisoned darts
 E - 68 bolts
 H - 41 sling bullets
 K - 99 arrows (quivered ammo)
 Q - 3 boomerangs
Armour
 l - a +1 scale mail
 q - a +0 helmet (worn)
 D - a +1 pair of boots (worn)
 I - a +1 cloak (worn)
 M - a +2 ring mail of cold resistance
 O - +0 swamp dragon scales (worn)
Jewellery
 d - a ring of wizardry (right hand)
 i - the ring of Virch (left hand) {rElec rC+ rCorr Int+2}
   (You acquired it on level 5 of the Dungeon)

   [ring of resist corrosion]

   It affects your intelligence (+2).
   It protects you from cold.
   It insulates you from electricity.
   It provides partial protection from all sources of acid and corrosion.
 J - a ring of resist corrosion
Wands
 w - a wand of charming (13)
 y - a wand of iceblast (1)
 F - a wand of flame (4)
Scrolls
 A - a scroll of amnesia
Potions
 e - a potion of flight {unknown}
 h - 4 potions of mutation {unknown}
 m - a potion of haste
 o - a potion of curing
 L - 2 potions of brilliance


   Skills:
 + Level 7.5 Fighting
 - Level 3.0 Long Blades
 - Level 3.0 Maces & Flails
 * Level 11.1 Bows
 - Level 3.0 Armour
 - Level 3.0 Dodging
 - Level 1.0 Stealth
 - Level 4.0 Spellcasting
 - Level 4.0 Conjurations
 - Level 3.0 Evocations


You had 17 spell levels left.
You knew the following spells:

 Your Spells              Type           Power      Damage    Failure   Level
a - Magic Dart            Conj           56%        1d5       3%          1

Your spell library contained the following spells:

 Spells                   Type           Power      Damage    Failure   Level
 Animate Skeleton         Necr           4%         N/A       16%         1
 Pain                     Necr           8%         1d4       16%         1
 Summon Small Mammal      Summ           8%         N/A       16%         1
 Conjure Flame            Conj/Fire      8%         6-21      21%         3
 Blink                    Tloc           N/A        N/A       24%         2
 Call Imp                 Summ           2%         N/A       24%         2
 Slow                     Hex            2%         N/A       24%         2
 Mephitic Cloud           Conj/Pois/Air  6%         N/A       26%         3
 Call Canine Familiar     Summ           2%         N/A       41%         3
 Ignite Poison            Fire/Tmut/Pois 2%         N/A       41%         3
 Summon Guardian Golem    Hex/Summ       2%         N/A       41%         3
 Vampiric Draining        Necr           1%         2d6       41%         3
 Animate Dead             Necr           1%         N/A       80%         4
 Summon Ice Beast         Ice/Summ       2%         N/A       80%         4
 Summon Lightning Spire   Summ/Air       2%         N/A       80%         4
 Fireball                 Conj/Fire      4%         3d4       86%         5
 Agony                    Necr           2%         N/A       98%         5
 Starburst                Conj/Fire      4%         8x6d3     100%        6
 Ignition                 Fire           1%         3d3       100%        8


Dungeon Overview and Level Annotations

Branches:
Dungeon (9/15)             Temple (1/1) D:6
   Lair: D:8-11         Orc: D:9-12

Altars:
Cheibriados
Elyvilon
Gozag
Hepliaklqana
Kikubaaqudgha
Makhleb
Nemelex Xobeh
Okawaru
Qazlal
Sif Muna
Trog
Uskayaw
Vehumet
Wu Jian
Xom
Yredelemnul
The Shining One

Annotations:
D:6 1 runed translucent door, BabaBalenciYaga's ghost, novice BaFi
D:8 Gastronok; Maurice
D:9 Erica


Message History

a +0 whip; a gnoll corpse
Items here: ))) [ ††.
Done exploring.
You start removing your armour.
You continue taking off your +2 ring mail of cold resistance. x4
You finish taking off your +2 ring mail of cold resistance.
You feel less resistant to cold.
You start putting on your armour.
You continue putting on your +0 swamp dragon scales. x5
You finish putting on your +0 swamp dragon scales.
Done exploring.
Okay, then.
As you read the scroll of enchant armour, it crumbles to dust.
Your +0 cloak glows green for a moment.
Okay, then.
Okay, then.
Okay, then.
You see here 3 large rocks.
There is a stone staircase leading down here.
You climb downwards.
Level annotation: Erica A yak and a death yak come into view.
The death yak bellows! x5; The yak bellows!
The death yak gores you!! The yak closely misses you.
Erica points at herself and mumbles some strange words.
Erica flickers and vanishes!
Deactivating autopickup; reactivate with Ctrl-A.
The death yak gores you! x2; The yak gores you.
The yak misses you.
There is a stone staircase leading up, spattered with blood here.
The death yak closely misses you. The death yak gores you.
* * * LOW HITPOINT WARNING * * *
The yak gores you!
* * * LOW HITPOINT WARNING * * *
The yak barely misses you.
You climb upwards.
Level annotation: Gastronok; Maurice Reactivating autopickup.
There is a stone staircase leading down here.
The death yak gores you!!
You die...

#..#.##.# #..[...#
##.#.##.# #......#
#[#.##.# ########
#########.#.##.#
#.......#...##.#
#.......##..##.#
#####.......##YY##.#
.#...........(.>##.##
.#.######...##YY@...#
...#.)).#...##......#
####.##.#...##......#
####.##)#...##......###
.....##.####..........#
#######.........##....####
######....##.......#
#....##.......########
#....#........#.......


You could see 2 death yaks and 2 yaks.

Vanquished Creatures
  A death yak (D:9)
  2 centaur zombies
  Joseph (D:7)
  Maggie (D:8)
  Psyche (D:8)
  A troll (D:5)
  Prince Ribbit (D:7)
  A hornet (D:5)
  A wolf (D:8)
  A yak (D:9)
  Edmund (D:5)
  Duvessa (D:4)
  2 orc warriors (D:6)
  2 sky beasts
  A black bear (D:5)
  An ice beast (D:5)
  2 ogres
  3 centaurs
  2 phantoms
  2 kobold brigands (D:5)
  2 gnoll sergeants
  3 bullfrogs
  A water moccasin zombie (D:5)
  Dowan (D:4)
  3 wights (D:8)
  A hound (D:6)
  5 orc priests
  A bullfrog skeleton (D:7)
  2 jellies
  3 centaur skeletons
  A gnoll shaman (D:7)
  An iguana (D:5)
  6 orc wizards
  A hound zombie (D:5)
  Robin (D:1)
  18 gnolls
  4 adders
  A white imp (D:8)
  4 worms (D:2)
  A dart slug (D:5)
  27 orcs
  6 ball pythons
  4 endoplasms
  3 giant cockroaches
  16 goblins
  5 hobgoblins
  10 jackals
  3 quokkas
  6 bats
  4 frilled lizards
  15 kobolds
  9 rats
  A spectral kobold (D:5)
197 creatures vanquished.

Vanquished Creatures (collateral kills)
  Grum (D:8)
1 creature vanquished.

Vanquished Creatures (others)
  A wolf (D:8)
  6 plants (D:5)
7 creatures vanquished.

Grand Total: 205 creatures vanquished

Notes
Turn   | Place    | Note
-------+----------+-------------------------------------------
     0 | D:1      | Lobster4 the Human Hunter began the quest for the Orb.
     0 | D:1      | Reached XP level 1. HP: 16/16 MP: 1/1
    93 | D:1      | Reached XP level 2. HP: 22/22 MP: 2/2
   334 | D:1      | Reached XP level 3. HP: 28/28 MP: 3/3
  1228 | D:2      | Found a shimmering altar of Xom.
  1432 | D:2      | Found a white marble altar of Elyvilon.
  1436 | D:2      | Found a glowing golden altar of the Shining One.
  1536 | D:2      | Reached XP level 4. HP: 26/34 MP: 4/4
  1671 | D:2      | Noticed a moth of wrath
  1697 | D:2      | Reached skill level 5 in Bows
  1737 | D:2      | Found a bloodstained altar of Trog.
  1870 | D:2      | Found a sparkling altar of Nemelex Xobeh.
  1885 | D:2      | Noticed Robin
  1994 | D:1      | Killed Robin
  2095 | D:2      | Reached skill level 1 in Armour
  2412 | D:2      | Reached XP level 5. HP: 39/41 MP: 5/5
  2792 | D:3      | Found an ancient bone altar of Kikubaaqudgha.
  3431 | D:4      | Noticed Dowan
  3447 | D:4      | Killed Dowan
  3448 | D:4      | Reached XP level 6. HP: 44/47 MP: 6/6
  3477 | D:4      | Noticed Duvessa
  3598 | D:4      | Killed Duvessa
  3599 | D:4      | Reached skill level 6 in Bows
  3761 | D:4      | Learned a level 1 spell: Magic Dart
  4041 | D:4      | Noticed an ogre
  4056 | D:4      | Killed an ogre
  4057 | D:4      | Reached XP level 7. HP: 53/53 MP: 7/7
  4345 | D:5      | Entered Level 5 of the Dungeon
  4400 | D:5      | Found a basalt altar of Yredelemnul.
  4453 | D:5      | Noticed Edmund
  4470 | D:5      | Killed Edmund
  4471 | D:5      | Reached skill level 1 in Long Blades
  4471 | D:5      | Reached skill level 1 in Spellcasting
  4471 | D:5      | Reached skill level 1 in Conjurations
  4702 | D:5      | Noticed a troll
  4719 | D:5      | Killed a troll
  4720 | D:5      | Reached skill level 7 in Bows
  4720 | D:5      | Reached XP level 8. HP: 61/61 MP: 8/10
  4918 | D:5      | Noticed a hornet
  4919 | D:5      | Paralysed by a hornet for 2 turns
  4927 | D:5      | Killed a hornet
  5265 | D:5      | Reached skill level 5 in Fighting
  5387 | D:5      | Found a snail-covered altar of Cheibriados.
  5394 | D:5      | Identified a scroll of acquirement
  5394 | D:5      | Acquired the ring of Virch {rElec rC+ rCorr Int+2}
  5460 | D:5      | Reached XP level 9. HP: 55/68 MP: 11/13
  5645 | D:5      | Reached skill level 8 in Bows
  5738 | D:5      | Found a hazy altar of Hepliaklqana.
  6722 | D:6      | Found an opulent altar of Gozag.
  6829 | D:6      | Identified the +6 flail of Wrath {flame, Str+4}
  6845 | D:6      | Found a bloodstained altar of Trog.
  7206 | D:6      | Found a runed translucent door.
  7207 | D:6      | Found a staircase to the Ecumenical Temple.
  7216 | Temple   | Entered the Ecumenical Temple
  7223 | Temple   | Became a worshipper of Warmaster Okawaru
  7490 | D:6      | Noticed BabaBalenciYaga's ghost (novice BaFi)
  8255 | D:7      | Reached skill level 9 in Bows
  8425 | D:7      | Reached * piety under Okawaru
  8460 | D:7      | Found a burning altar of Makhleb.
  8519 | D:7      | Found a stormy altar of Qazlal.
  8558 | D:7      | Noticed Prince Ribbit
  8864 | D:7      | Reached XP level 10. HP: 73/76 MP: 16/16
  8879 | D:7      | Found a radiant altar of Vehumet.
  8913 | D:7      | Noticed Joseph
  8936 | D:7      | Killed Joseph
  8937 | D:7      | Reached skill level 1 in Maces & Flails
  9230 | D:7      | Killed Prince Ribbit
  9508 | D:8      | Noticed Psyche
  9515 | D:8      | Killed Psyche
  9516 | D:8      | Reached skill level 10 in Bows
  9602 | D:8      | Reached ** piety under Okawaru
  9603 | D:8      | Reached skill level 1 in Evocations
  9816 | D:8      | Noticed Grum
  9879 | D:8      | Killed Grum
 10104 | D:8      | Noticed Gastronok
 10439 | D:8      | Noticed Maurice
 10822 | D:8      | Noticed Maggie
 10836 | D:8      | Killed Maggie
 10975 | D:9      | Noticed Erica
 11029 | D:9      | Reached *** piety under Okawaru
 11043 | D:9      | Received a gift from Okawaru
 11286 | D:9      | Noticed a death yak
 11296 | D:9      | Noticed a death yak
 11298 | D:9      | Noticed a death yak
 11298 | D:9      | Noticed a death yak
 11299 | D:9      | Noticed a death yak
 11299 | D:9      | Noticed a death yak
 11326 | D:9      | Killed a death yak
 11327 | D:9      | Reached skill level 11 in Bows
 11327 | D:9      | Reached XP level 11. HP: 45/84 MP: 17/17
 11336 | D:9      | HP: 1/84 [death yak (18)]
 12089 | D:9      | Noticed a death yak
 12092 | D:8      | Mangled by a death yak

Illustrated notes

Levels and vault maps discovered:
D:1:      sevenhm_arrival_forest_fort_small_5, layout_loops_corners
D:2:      layout_basic, xom_teletrap_fun, tgw_trog, overflow_temple_1_default,
          grunt_temple_overflow_open, uniq_robin
D:3:      layout_loops_ring, nicolae_kikubaaqudgha_miasma_corner
D:4:      layout_cave_pools, kennysheep_boxes, uniq_duvessa
D:5:      cheibrodos_thug_alley, layout_loops_corners,
          yredelemnul_altar_generic, nicolae_hepliaklqana_monster_ancestors,
          serial_bayou_pond_c, grunt_ministairs_15, kennysheep_slug_shrine,
          uniq_edmund
D:6:      layout_basic, grunt_gozag_breadcrumbs, minmay_temple_entry_overgrown,
          ebering_ghost_reflecting_pool, basic_altar, minivault_24
D:7:      layout_cave_pools, nicolae_qazlal_eye_of_the_storm,
          lemuel_doored_altar, bloody_makhleb, uniq_prince_ribbit1, uniq_joseph
D:8:      layout_basic, uniq_maggie, uniq_grum, uniq_psyche, uniq_gastronok,
          uniq_maurice
D:9:      layout_small_grid, dpeg_lair_monsters, uniq_erica
Temple:   compressed_dpeg_triangle_lava_temple

Skill      XL: |  1  2  3  4  5  6  7  8  9 10 |
---------------+-------------------------------+-----
Bows           | 5 6 7 9 11 | 11.1
Armour         | 1 2 3 |  3.0
Fighting       | 3 4 5 6 7 |  7.5
Long Blades    | 1 2 3 |  3.0
Spellcasting   | 1 2 4 |  4.0
Conjurations   | 1 2 4 |  4.0
Dodging        | 3 |  3.0
Maces & Flails | 3 |  3.0
Evocations     | 3 |  3.0
Stealth        | |  1.0

Action                   |  1- 3 |  4- 6 |  7- 9 | 10-12 || total
-------------------------+-------+-------+-------+-------++-------
Melee: Short sword       |    21 |     5 |    67 |       ||    93
       Dagger            |       |    21 |       |       ||    21
       Rapier            |       |    50 |    18 |       ||    68
       Flail             |       |       |    64 |    91 ||   155
 Fire: Shortbow          |    34 |    19 |   150 |   103 ||   306
       Hunting sling     |    35 |   143 |    16 |       ||   194
Throw: Dart              |       |    12 |    31 |    19 ||    62
Invok: Heroism           |       |       |       |     2 ||     2
Evoke: Wand              |       |       |       |    11 ||    11
  Use: Scroll            |     1 |     2 |     8 |    10 ||    21
       Potion            |       |       |     4 |     4 ||     8
Armor: Leather armour    |     2 |       |       |       ||     2
       Scale mail        |    19 |    58 |     8 |       ||    85
       Ring mail         |       |       |   128 |    98 ||   226
Dodge: Dodged            |    18 |    63 |   130 |   121 ||   332

Table legend: (Time is in decaauts)
 A = Elapsed time spent in this place.
 B = Non-inter-level travel time spent in this place.
 C = Inter-level travel time spent in this place.
 D = Time resting spent in this place.
 E = Time spent auto-exploring this place.
 F = Levels seen in this place.
 G = Mean time per level.
                   A        B        C        D        E       F      G
               +--------+--------+--------+--------+--------+-----+--------+
         Total |  12131 |  11578 |    553 |   2150 |   7004 |  10 | 1213.1 |
       Dungeon |  12117 |  11570 |    547 |   2150 |   7004 |   9 | 1346.3 |
        Temple |     14 |      8 |      6 |      0 |      0 |   1 |   14.0 |
               +--------+--------+--------+--------+--------+-----+--------+

Top non-repeatable levels by time:
     D:5: 2106 daAuts
     D:8: 2063 daAuts
     D:6: 1947 daAuts
     D:1: 1358 daAuts
     D:7: 1259 daAuts
     D:2: 1183 daAuts
     D:4: 933 daAuts
     D:3: 914 daAuts
     D:9: 350 daAuts
  Temple: 14 daAuts
